 Dungeon Crawl Stone Soup version 0.27-a0-1456-gf5a1169 (webtiles) character file.

Game seed: 17992539962655584990

125 Meow the Skirmisher (level 5, 47/47 HPs)
             Began as a Ghoul Fighter on July 5, 2021.
             Quit the game on level 4 of the Dungeon.
             The game lasted 00:07:05 (2828 turns).

Meow the Skirmisher (Ghoul Fighter)                 Turns: 2828, Time: 00:07:05

Health: 47/47      AC:  6    Str: 21    XL:     5   Next: 9%
Magic:  4/4        EV:  7    Int:  3    God:
Gold:   111        SH:  8    Dex:  8    Spells: 4/4 levels left

rFire    . . .     SeeInvis .   a - +0 war axe
rCold    + . .     Faith    .   c - +0 kite shield
rNeg     + + +     Spirit   .   b - +0 scale mail
rPois    ∞         Reflect  .   (no helmet)
rElec    .         Harm     .   (no cloak)
rCorr    .         Rampage  .   (no gloves)
Will     .....                  (no boots)
Stlth    ..........             (no amulet)
HPRegen  0.15/turn              (no ring)
MPRegen  0.09/turn              (no ring)

@: no status effects
A: claws 1, cold resistance 1, negative energy resistance 3, inhibited
regeneration, torment resistance 2
a: no special abilities


You were on level 4 of the Dungeon.
You visited 1 branch of the dungeon, and saw 4 of its levels.

You collected 111 gold pieces.

Inventory:

Hand Weapons
 a - a +0 war axe (weapon)
Missiles
 g - 34 sling bullets
 i - 41 arrows
 j - 4 throwing nets (quivered)
 n - 21 stones
 p - 25 bolts
 u - 16 poisoned darts
Armour
 b - a +0 scale mail (worn)
 c - a +0 kite shield (worn)
Jewellery
 q - a ring of magical power
Wands
 f - a wand of flame (10)
Scrolls
 e - a scroll of teleportation
 l - a scroll of vulnerability {unknown}
 m - a scroll of enchant weapon {unknown}
 o - a scroll of immolation {unknown}
Potions
 d - 2 potions of might
 h - a potion of cancellation
 k - a potion of curing {unknown}
 r - a potion of resistance {unknown}
 s - a potion of flight {unknown}
 t - 2 potions of degeneration {unknown}


   Skills:
 + Level 4.5 Fighting
 + Level 3.5 Axes
 - Level 2.6 Armour
 - Level 1.1 Dodging
 - Level 2.6 Shields


You had 4 spell levels left.
You didn't know any spells.
Your spell library was empty.

Dungeon Overview and Level Annotations

Branches:
Dungeon (4/15)
 Temple: D:4-7

Altars:


Innate Abilities, Weirdness & Mutations

You thrive by killing the living.
You are immune to poison.
You have sharp fingernails.
Your flesh is cold resistant. (rC+)
You are immune to negative energy. (rN+++)
You do not regenerate when monsters are visible.
You are immune to unholy pain and torment.


Message History

Moving in this stuff is going to be slow.
s - a white potion
t - 2 smoky pink potions
Things that are here:
a +0 falchion; a +0 dagger; a +0 robe
Things that are here:
a +0 flail; a +0 leather armour
There is a stone staircase leading down here.
Found an escape hatch in the floor.
There is an escape hatch in the floor here.
Found 16 poisoned darts.
g - 34 sling bullets (gained 21)
Things that are here:
a +0 flail; a +0 leather armour
Items here: )) [[.
Things that are here:
a +0 flail; a +0 leather armour Key pressed, stopping explore.
Search for what [? for help]? dart
There is an escape hatch in the floor here.
You see here 16 poisoned darts.
u - 16 poisoned darts
There is an escape hatch in the floor here.
You enter the shallow water.
Moving in this stuff is going to be slow.
You enter the shallow water.
Moving in this stuff is going to be slow.
You enter the shallow water.
Moving in this stuff is going to be slow.
Partly explored, can't reach some places.
You enter the shallow water.
Moving in this stuff is going to be slow.
You enter the shallow water.
Moving in this stuff is going to be slow.
There is a stone staircase leading down here.
You climb downwards.
You hear the hiss of flowing sand.
There is an entrance to an ossuary on this level.
Hurry and find it before the portal is buried!
There is a stone staircase leading up here.
Are you sure you want to abandon this character and quit the game? (Confirm with "yes".)

###
#..
#.#
#.#
#.#
#.#
#@#
###


There were no monsters in sight!

Vanquished Creatures
  An orc wizard (D:3)
  2 adders
  3 worms (D:2)
  2 dart slugs (D:2)
  11 orcs
  3 ball pythons
  3 bats
  4 endoplasms
  2 giant cockroaches
  3 hobgoblins
  3 jackals (D:2)
  5 kobolds
  A quokka (D:1)
  7 goblins
  4 rats
54 creatures vanquished.

Vanquished Creatures (others)
  2 demonic plants (D:1)
  2 fungi (D:1)
  A plant (D:1)
  A withered plant (D:1)
6 creatures vanquished.

Grand Total: 60 creatures vanquished

Notes
Turn   | Place    | Note
-------+----------+-------------------------------------------
     0 | D:1      | Meow the Ghoul Fighter began the quest for the Orb.
     0 | D:1      | Reached XP level 1. HP: 19/19 MP: 0/0
    57 | D:1      | Found a faded altar of an unknown god.
   290 | D:1      | Reached XP level 2. HP: 27/27 MP: 1/1
  1182 | D:2      | Reached XP level 3. HP: 33/33 MP: 2/2
  1377 | D:2      | Reached skill level 1 in Dodging
  1636 | D:2      | Reached skill level 4 in Fighting
  1724 | D:2      | Reached XP level 4. HP: 29/40 MP: 3/3
  2376 | D:3      | Reached XP level 5. HP: 47/47 MP: 4/4
  2828 | D:4      | Quit the game

Illustrated notes

Levels and vault maps discovered:
D:1:      grunt_arrival_crossed_arrows, layout_basic,
          shapermc_ecumenical_altar_gd
D:2:      layout_loops_cross
D:3:      layout_rooms, chequers_serial_rivers_small_3, minmay_misc_feat_x
D:4:      layout_basic, lemuel_tele_altar, nicolae_ossuary_entry_ruins,
          uniq_menkaure, uniq_eustachio

Skill      XL: |  1  2  3  4 |
---------------+-------------+-----
Axes           | 2 3 |  3.5
Dodging        | 1 |  1.1
Fighting       | 4 |  4.5
Armour         | |  2.6
Shields        | |  2.6

Action                   |  1- 3 |  4- 6 || total
-------------------------+-------+-------++-------
Melee: War axe           |   137 |    77 ||   214
  Use: Scroll            |     2 |     1 ||     3
       Potion            |       |     1 ||     1
Armor: Scale mail        |    78 |    41 ||   119
Dodge: Dodged            |    46 |    12 ||    58
Block: Kite shield       |    68 |    30 ||    98

Table legend: (Time is in decaauts)
 A = Elapsed time spent in this place.
 B = Non-inter-level travel time spent in this place.
 C = Inter-level travel time spent in this place.
 D = Time resting spent in this place.
 E = Time spent auto-exploring this place.
 F = Levels seen in this place.
 G = Mean time per level.
                   A        B        C        D        E       F      G
               +--------+--------+--------+--------+--------+-----+--------+
         Total |   2969 |   2863 |    106 |    411 |   1829 |   4 |  742.2 |
       Dungeon |   2969 |   2863 |    106 |    411 |   1829 |   4 |  742.2 |
               +--------+--------+--------+--------+--------+-----+--------+

Top non-repeatable levels by time:
     D:1: 1159 daAuts
     D:2: 948 daAuts
     D:3: 860 daAuts
     D:4: 0 daAuts
